AoeStats
← HR Pinkman

Arabia

508617959Analyzed
1v1 RM · 9d ago on Sep 23, 2026· 31m 5s· 2 players
Game mode
Random Map
Map size
Tiny (2 player)
Population
200
Speed
Normal
Resources
Standard
Victory
Conquest
Starting age
Dark Age
Ending age
Imperial Age
RankedLock teamsTeams togetherTeam positionsShared explorationLock speedFull tech treeHidden civsTurbo modeCheats
Victory
Defeat
🇨🇳 Persians · China
2121
+19
🇨🇱 Portuguese · Chile
2180
-19
Yusutia
6:30 Loom
9:01 Feudal Age
9:07 Man-at-Arms
13:22 Double-Bit Axe
16:12 Wheelbarrow
16:30 Fletching
20:52 Castle Age
19:26 Padded Archer Armor
19:20 Gold Mining
19:34 Horse Collar
21:14 Bodkin Arrow
21:34 Bow Saw
20:45 Elite Skirmisher
22:01 Town Watch
23:02 Leather Archer Armor
29:11 Ballistics
HR Pinkman
6:29 Loom
9:06 Feudal Age
9:45 Double-Bit Axe
20:51 Castle Age
19:24 Fletching
21:28 Bodkin Arrow
20:53 Crossbowman
22:03 Bow Saw
Connection lost

Rejoining the realm…

Still unreachable

The connection could not be restored.

Session expired

The server has moved on; the page needs a fresh start.